AoeStats
← ogipochi_

Highland

505203509Analyzed
4v4 RM · 25d ago on Sep 8, 2026· 58m 29s· 8 players
Game mode
Random Map
Map size
Large (8 player)
Population
200
Speed
Normal
Resources
Standard
Victory
Conquest
Starting age
Dark Age
Ending age
Imperial Age
RankedLock teamsTeams togetherTeam positionsShared explorationLock speedFull tech treeHidden civsTurbo modeCheats
Victory
Defeat
🇷🇴 Spanish · Romania
891
+27
🇨🇷 Britons · Costa Rica
850
+14
🇦🇺 Huns · Australia
748
+19
🇨🇳 Teutons · China
688
+21
🇯🇵 Spanish · Japan
832
-18
🇨🇳 Maya · China
821
-17
🇨🇳 Portuguese · China
808
-17
🇨🇳 Muisca · China
773
-15
ogipochi_
9:33 Loom
11:42 Feudal Age
12:08 Double-Bit Axe
12:14 Gold Mining
12:05 Horse Collar
14:56 Wheelbarrow
14:06 Town Watch
15:32 Stone Mining
19:47 Castle Age
19:57 Padded Archer Armor
22:02 Leather Archer Armor
22:56 Medium Warships
27:26 Heavy Plow
28:34 Bow Saw
31:35 Imperial Age
32:02 Stone Shaft Mining
32:55 Conscription
32:57 Elite Conquistador
34:11 Ring Archer Armor
35:38 Ballistics
35:32 Fortified Wall
36:47 Chemistry
35:46 Murder Holes
36:51 Hand Cart
43:22 Two-Man Saw
观月
0:46 Loom
13:49 Feudal Age
15:34 Wheelbarrow
15:39 Double-Bit Axe
20:24 Castle Age
20:00 Forging
22:15 Hand Cart
24:22 Scale Mail Armor
24:31 Scale Barding Armor
29:37 Elite Skirmisher
33:03 Imperial Age
30:53 Bow Saw
31:56 Thumb Ring
32:13 Fletching
32:24 Padded Archer Armor
32:37 Pikeman
33:28 Halberdier
37:22 Two-Man Saw
37:37 Medium Warships
40:18 Heavy Warships
42:37 Bodkin Arrow
42:58 Leather Archer Armor
42:44 Scale Mail Armor
43:20 Iron Casting
43:03 Elite Organ Gun
44:50 Conscription
45:54 Bracer
46:11 Chain Mail Armor
47:42 Ring Archer Armor
48:38 Chemistry
Misaka Mikoto
9:36 Feudal Age
10:02 Double-Bit Axe
10:35 Horse Collar
18:14 Castle Age
16:26 Stone Mining
17:22 Fletching
17:32 Padded Archer Armor
18:27 Gold Mining
18:31 Loom
18:47 Town Watch
20:48 Bow Saw
23:06 Wheelbarrow
24:17 Ballistics
24:14 Forging
24:04 Scale Mail Armor
24:21 Squires
25:33 Hand Cart
25:48 Herbal Medicine
26:30 Treadmill Crane
27:16 Heavy Plow
30:13 Imperial Age
27:53 Herbal Medicine
29:09 Gold Shaft Mining
29:26 Stone Shaft Mining
29:01 Bodkin Arrow
29:21 Leather Archer Armor
30:11 Leather Archer Armor
30:13 Masonry
31:35 Conscription
31:18 Herbalism
31:00 Champi Runner
33:02 Two-Man Saw
32:33 Crop Rotation
31:40 Champi Warrior
32:54 Chain Mail Armor
32:36 Elite Champi Warrior
34:17 Elite Guecha Warrior
35:20 Fervor
36:04 Plate Mail Armor
35:43 Bracer
36:56 Block Printing
37:55 Iron Casting
38:31 Chemistry
37:05 Elite Temple Guard
38:03 Town Patrol
38:54 Illumination
39:10 Theocracy
39:34 Crop Rotation
43:32 Redemption
kaisar0615
6:52 Loom
12:37 Feudal Age
22:14 Castle Age
20:30 Fletching
20:41 Padded Archer Armor
21:28 Double-Bit Axe
21:26 Horse Collar
23:39 Wheelbarrow
23:45 Gold Mining
27:16 Town Watch
28:28 Bodkin Arrow
28:48 Leather Archer Armor
30:39 Forging
30:30 Scale Mail Armor
35:34 Imperial Age
33:34 Bow Saw
33:26 Heavy Plow
37:43 Pikeman
38:24 Squires
38:11 Arson
37:52 Crossbowman
38:38 Thumb Ring
39:06 Caravan
40:03 Ring Archer Armor
39:33 Bracer
39:02 Arbalester
42:50 Chemistry
41:46 Murder Holes
42:13 Ballistics
42:09 Masonry
42:38 Halberdier
44:05 Chain Mail Armor
44:26 Iron Casting
44:24 Treadmill Crane
46:07 Plate Mail Armor
46:38 Blast Furnace
49:29 Elite Plumed Archer
_gaara_
4:36 Loom
11:23 Feudal Age
12:16 Double-Bit Axe
15:50 Horse Collar
18:20 Castle Age
17:52 Gold Mining
18:13 Stone Mining
20:10 Bow Saw
21:38 Wheelbarrow
24:28 Town Watch
25:00 Hand Cart
25:46 Heavy Plow
26:04 Pikeman
26:45 Squires
31:53 Fletching
32:04 Padded Archer Armor
34:56 Imperial Age
33:34 Bodkin Arrow
33:55 Leather Archer Armor
34:58 Elite Longbowman
36:14 Ballistics
36:55 Chemistry
36:30 Ring Archer Armor
36:46 Gold Shaft Mining
37:20 Conscription
38:47 Bracer
39:03 Fortified Wall
39:01 Siege Engineers
45:11 Masonry
45:06 Town Patrol
46:17 Two-Man Saw
52:29 Warwolf
dutzy
2:31 Loom
10:28 Feudal Age
11:47 Wheelbarrow
10:58 Double-Bit Axe
10:55 Horse Collar
24:50 Castle Age
22:51 Town Watch
23:25 Forging
24:08 Fletching
24:40 Scale Barding Armor
26:02 Medium Warships
28:16 Iron Casting
28:15 Ballistics
28:14 Murder Holes
33:00 Siphons
34:36 Hand Cart
34:54 Town Patrol
35:06 Gold Mining
35:07 Stone Mining
37:27 Bow Saw
37:19 Heavy Plow
41:54 Imperial Age
40:26 Caravan
41:39 Squires
41:25 Gambesons
41:42 Padded Archer Armor
42:04 Chain Barding Armor
41:40 Bodkin Arrow
41:59 Fortified Wall
42:04 Careening
42:07 Clinker Construction
42:12 Elite Conquistador
43:54 Blast Furnace
42:56 Husbandry
43:06 Bloodlines
44:01 Chemistry
44:34 Plate Barding Armor
44:26 Conscription
45:39 Elite Cannon Galleon
48:23 Two-Man Saw
48:03 Stone Shaft Mining
47:30 Bracer
47:46 Leather Archer Armor
47:57 Dry Dock
47:48 Clinker Construction
49:56 Heavy Warships
51:03 Carvel Hull
51:06 Shipwright
51:26 Cavalier
52:55 Paladin
56:57 Ring Archer Armor
56:16 Arson
56:07 Spies/Treason
AUFSTAND
10:19 Feudal Age
17:32 Castle Age
15:38 Double-Bit Axe
19:09 Horse Collar
19:41 Bow Saw
20:01 Gold Mining
20:17 Stone Mining
21:01 Heavy Plow
24:01 Wheelbarrow
24:27 Stone Shaft Mining
27:55 Imperial Age
26:05 Fortified Wall
28:00 Squires
27:48 Arson
28:25 Scale Mail Armor
28:36 Forging
29:02 Conscription
29:27 Hand Cart
30:23 Crop Rotation
31:08 Two-Man Saw
31:06 Fletching
31:57 Iron Casting
31:13 Arrowslits
32:52 Heated Shot
33:24 Ballistics
33:11 Bodkin Arrow
33:01 Capped Ram
36:02 Crenellations
37:22 Blast Furnace
38:31 Chemistry
37:49 Siege Engineers
39:20 Ironclad
40:16 Elite Teutonic Knight
41:24 Chain Mail Armor
41:10 Padded Archer Armor
42:00 Town Watch
42:01 Loom
43:24 Town Patrol
47:56 Masonry
48:27 Hoardings
50:45 Guard Tower
51:20 Bombard Tower
55:43 Onager
56:59 Siege Onager
oasis_silva
11:25 Feudal Age
12:51 Wheelbarrow
12:13 Double-Bit Axe
13:05 Wheelbarrow
16:56 Gold Mining
23:11 Castle Age
24:52 Bow Saw
24:52 Thumb Ring
26:54 Husbandry
28:14 Fletching
29:32 Horse Collar
30:58 Hand Cart
31:20 Bodkin Arrow
31:30 Heavy Plow
31:55 Stone Mining
32:42 Gold Shaft Mining
35:32 Bloodlines
38:33 Imperial Age
36:55 Caravan
36:59 Light Cavalry
38:42 Scale Barding Armor
38:49 Forging
38:40 Padded Archer Armor
40:32 Parthian Tactics
41:08 Hussar
41:15 Heavy Cavalry Archer
43:38 Bracer
44:15 Iron Casting
47:44 Chemistry
47:05 Ballistics
50:43 Blast Furnace
55:58 Leather Archer Armor
56:04 Chain Barding Armor
Connection lost

Rejoining the realm…

Still unreachable

The connection could not be restored.

Session expired

The server has moved on; the page needs a fresh start.